 Dungeon Crawl Stone Soup version 0.28.0-47-ge53b351184 (webtiles) character file.

Game seed: 2427269630199473010

208 Exodus22XD the Magician (level 5, 0/28 HPs)
             Began as a Deep Elf Conjurer on Apr 28, 2022.
             Slain by a bullfrog (8 damage)
             ... in a sewer.
             The game lasted 00:07:23 (2944 turns).

Exodus22XD the Magician (Deep Elf Conjurer)         Turns: 2944, Time: 00:07:30

Health: 0/28       AC:  3    Str:  4    XL:     5   Next: 55%
Magic:  10/17      EV: 12    Int: 25    God:
Gold:   102        SH:  0    Dex: 13    Spells: 16/19 levels left

rFire   . . .      SeeInvis .   h - staff of earth
rCold   . . .      Faith    .   (no shield)
rNeg    . . .      Spirit   .   a - +0 robe
rPois   +          Reflect  .   (no helmet)
rElec   .          Harm     .   (no cloak)
rCorr   .          Rampage  .   f - +0 pair of gloves
Will    .....                   (no boots)
Stlth   ++........              (no amulet)
HPRegen 0.09/turn               l - ring of poison resistance
MPRegen 0.15/turn               (no ring)

@: no status effects
A: no striking features
a: no special abilities


You were in a sewer.
You visited 1 branch of the dungeon, and saw 3 of its levels.
You also visited: Sewer.

You collected 102 gold pieces.

Inventory:

Hand Weapons
 d - a +0 dagger
Armour
 a - a +0 robe (worn)
 f - a +0 pair of gloves (worn)
Magical Staves
 h - a staff of earth (weapon)
Jewellery
 l - a ring of poison resistance (left hand)
Scrolls
 c - a scroll of vulnerability {unknown}
 e - a scroll of silence {unknown}
 g - a scroll of enchant armour {unknown}
 k - a scroll of teleportation {unknown}
 n - a scroll of enchant weapon {unknown}
 p - a scroll of identify {unknown}
Potions
 b - 2 potions of curing {unknown}
 i - a potion of brilliance {unknown}
 j - a potion of degeneration {unknown}
 m - a potion of attraction {unknown}
 o - a potion of lignification {unknown}


   Skills:
 - Level 2.4 Dodging
 - Level 2.4 Stealth
 + Level 7.9 Spellcasting
 - Level 4.3 Conjurations


You had 16 spell levels left.
You knew the following spells:

 Your Spells              Type           Power      Damage    Failure   Level
a - Magic Dart            Conj           100%       1d8       1%          1
b - Searing Ray           Conj           62%        2d6       1%          2

Your spell library contained the following spells:

 Spells                   Type           Power      Damage    Failure   Level
 Dazzling Flash           Conj/Hex       40%        N/A       8%          3
 Fulminant Prism          Conj/Hex       10%        3d9       24%         4
 Iskenderun's Mystic Bla  Conj/Tloc      20%        2d6       24%         4


Dungeon Overview and Level Annotations

Branches:
Dungeon (3/15)              Sewer (1/1)

Altars:
Ashenzari
Sif Muna


Message History

You kill the bullfrog! (Press . to maintain the ray.)
You enter the shallow water.
Moving in this stuff is going to be slow.
HP restored.
You enter the shallow water.
Moving in this stuff is going to be slow.
The bullfrog gives a loud, deep croak!
Casting: Searing Ray (safe; 1% risk of failure)
Confirm with . or Enter, or press ? or * to list all spells.
Aiming: Searing Ray (safe; 1% risk of failure)
Press: ? - help, Shift-Dir - straight line, f - bullfrog
Aim: a bullfrog (74% to hit)
The searing ray hits the bullfrog.
The bullfrog is moderately wounded. (Press . to maintain the ray.)
The bullfrog hits you.
The searing ray hits the bullfrog.
The bullfrog is moderately wounded.
The bullfrog barely misses you.
The searing ray hits the bullfrog.
The bullfrog is severely wounded.
The bullfrog hits you! x2
* * * LOW HITPOINT WARNING * * *
Casting: Searing Ray (safe; 1% risk of failure)
Confirm with . or Enter, or press ? or * to list all spells.
Okay, then.
The searing ray hits the bullfrog.
The bullfrog is almost dead.
You finish channelling your searing ray.
The bullfrog barely misses you.
Casting: Searing Ray (safe; 1% risk of failure)
Confirm with . or Enter, or press ? or * to list all spells.
Aiming: Searing Ray (safe; 1% risk of failure)
Press: ? - help, Shift-Dir - straight line, f/p - bullfrog
Aim: a bullfrog (almost dead, 74% to hit)
The searing ray misses the bullfrog. (Press . to maintain the ray.)
The bullfrog hits you!
You die...

≈≈# ##≈≈≈≈≈≈≈≈≈≈≈≈####≈≈≈≈†#
≈≈# #≈≈≈≈≈≈≈≈≈≈≈≈≈≈≈##≈≈≈≈†#
≈≈# ≈≈≈≈≈≈≈≈≈≈≈≈∩≈≈≈≈#≈≈≈≈.#
≈≈# ≈≈≈≈≈≈≈.≈≈≈...≈≈≈≈≈≈≈≈.#
≈≈# #≈≈≈≈≈.≈.[?≈.≈≈†≈≈≈≈≈≈≈≈≈#
≈≈# #≈≈≈≈≈≈.($(≈≈..≈≈≈≈≈≈≈≈≈≈#
≈≈# #≈≈≈≈≈≈≈.?≈.≈.≈≈≈≈≈≈≈≈≈≈.#
≈.# #≈≈≈≈≈≈≈≈.F≈≈≈≈≈≈≈≈≈≈≈≈≈≈#
≈.# #≈≈≈≈≈≈≈≈≈@≈≈≈≈≈≈≈≈≈≈≈≈≈#
≈≈# #≈≈≈≈≈≈≈≈≈≈≈≈≈≈≈≈≈≈.≈≈≈≈#
≈≈#######≈≈≈≈≈≈≈≈≈≈≈≈≈≈≈≈.≈≈≈.#
≈≈≈≈.........≈≈≈≈≈≈≈≈≈≈..≈≈≈≈.#
≈≈≈≈≈≈≈≈≈≈≈≈≈≈≈≈≈≈≈≈≈≈≈≈≈≈≈≈≈.#
≈≈≈≈≈≈≈≈≈≈≈≈≈≈≈≈≈≈≈≈≈≈≈≈≈≈≈≈≈.#
≈≈≈≈≈≈≈≈≈≈≈≈≈≈≈≈≈≈≈≈≈≈≈≈≈≈≈≈..#
≈≈≈÷≈....÷.....÷..÷......÷...##
≈≈############################


You could see a bullfrog.

Vanquished Creatures
  A bullfrog (Sewer)
  Jessica (D:3)
  5 adders
  3 worms
  A dart slug (D:3)
  6 endoplasms
  3 giant cockroaches
  4 goblins
  9 hobgoblins
  3 jackals (D:2)
  4 kobolds
  7 quokkas
  7 ball pythons
  3 bats
  7 frilled lizards (Sewer)
  4 rats
68 creatures vanquished.

Notes
Turn   | Place    | Note
-------+----------+-------------------------------------------
     0 | D:1      | Exodus22XD the Deep Elf Conjurer began the quest for the
                  | Orb.
     0 | D:1      | Reached XP level 1. HP: 10/10 MP: 6/6
   308 | D:1      | Reached skill level 4 in Spellcasting
   308 | D:1      | Reached XP level 2. HP: 15/15 MP: 5/9
   619 | D:1      | You fall into a shaft and drop 1 floor!
   698 | D:2      | Found Yrys Xer's Assorted Antiques.
   738 | D:2      | Learned a level 2 spell: Searing Ray
   836 | D:2      | Reached skill level 5 in Spellcasting
   836 | D:2      | Reached XP level 3. HP: 19/19 MP: 4/11
  1649 | D:2      | Found a faded altar of an unknown god.
  2083 | D:3      | Reached XP level 4. HP: 24/24 MP: 9/13
  2144 | D:3      | Found a shimmering blue altar of Sif Muna.
  2156 | D:3      | Reached skill level 6 in Spellcasting
  2267 | D:3      | Found a broken altar of Ashenzari.
  2385 | D:3      | Noticed Jessica
  2393 | D:3      | Killed Jessica
  2428 | D:3      | Found a glowing drain.
  2440 | Sewer    | Entered a sewer
  2559 | Sewer    | Reached skill level 7 in Spellcasting
  2630 | Sewer    | Reached XP level 5. HP: 28/28 MP: 12/16
  2944 | Sewer    | Slain by a bullfrog

Illustrated notes

Levels and vault maps discovered:
D:1:      dpeg_arrival_arbitrary_b, layout_basic, roderic_st_hans_cross,
          minmay_misc_feat_iff
D:2:      layout_basic, ebering_ecumenical_altar_petrified, serial_shops,
          nicolae_shop_hallway_plus, minmay_misc_feat_enclosed,
          hangedman_decor_lopped, minmay_door_square, kennysheep_generic_room_15
D:3:      layout_basic, good_gods_mini_temple, mainiacjoe_overflow_brackets,
          ashenzari_conservatory_becter, cheibrodos_sewer_entry_bend,
          grunt_decor_arrowhead, uniq_jessica, uniq_grinder, uniq_ijyb
Sewer:    sewer_frog_island_01

Skill      XL: |  1  2  3  4 |
---------------+-------------+-----
Spellcasting   | 4 5 7 |  7.9
Dodging        | |  2.4
Stealth        | |  2.4
Conjurations   | |  4.3

Action                   |  1- 3 |  4- 6 || total
-------------------------+-------+-------++-------
 Cast: Magic Dart        |    76 |    61 ||   137
       Searing Ray       |     2 |     4 ||     6
Dodge: Dodged            |     3 |     5 ||     8
